 Dungeon Crawl Stone Soup version 0.29.1-1-gd02db6906a (webtiles) character file.

Game seed: 14106917673880570579

16802 Ashen the Dealer of Despair (level 12, 0/96 HPs)
             Began as a Demonspawn Necromancer on Oct 17, 2022.
             Was an Elder of Kikubaaqudgha.
             Slain by a sixfirhy (3 damage)
             ... summoned by an orc high priest
             ... on level 2 of the Orcish Mines.
             The game lasted 01:11:50 (15166 turns).

Ashen the Dealer of Despair (DsNe)                 Turns: 15166, Time: 01:11:50

Health: 0/96       AC: 13    Str:  9    XL:     12   Next: 13%
Magic:  7/24       EV: 14    Int: 21    God:    Kikubaaqudgha [****..]
Gold:   182        SH:  0    Dex: 10    Spells: 4/28 levels left

rFire   . . .      SeeInvis .   m - +1 war axe of the Girdle {vorpal, +Blink rElec Will+}
rCold   . . .      Faith    .   (no shield)
rNeg    . . .      Spirit   .   a - +0 robe
rPois   +          Reflect  .   K - +1 helmet of Naka {Rampage rElec Dex-4}
rElec   +          Harm     .   n - +2 cloak {rPois}
rCorr   +          Rampage  +   f - +0 pair of gloves
Will    ++...                   G - +0 pair of boots {Fly}
Stlth   +++.......              Q - amulet of magic regeneration
HPRegen 0.26/turn               R - ring of willpower
MPRegen 0.59/turn               (no ring)

@: mighty, flying
A: yellow scales 3, powered by pain 1, demonic magic 2, demonic touch 1
a: Renounce Religion, Evoke Blink, Unearth Wretches


You were on level 2 of the Orcish Mines.
You worshipped Kikubaaqudgha.
Kikubaaqudgha was greatly pleased with you.
You visited 3 branches of the dungeon, and saw 14 of its levels.
You visited 1 bazaar.
You also visited: Sewer and Bailey.

You collected 2561 gold pieces.
You spent 2379 gold pieces at shops.

Inventory:

Hand Weapons
 e - a +2 dagger of venom
 j - a +4 vorpal dagger
 m - the +1 war axe of the Girdle (weapon) {vorpal, +Blink rElec Will+}
   (You bought it in a shop in a bazaar)

   It inflicts extra damage upon your enemies.
   rElec:     It insulates you from electricity.
   +Blink:    It lets you blink.
   Will:      It increases your willpower.
 o - a +1 short sword of electrocution
 w - a +1 spear of venom
 E - a +2 hand axe of distortion
 P - the +1 broad axe "Pieshekkyff" {flame, rC+++ rCorr Int-4 Dex+6}
   (You found it on level 11 of the Dungeon)

   It burns those it strikes, dealing additional fire damage.
   Big, fiery blades are also staple armaments of hydra-hunters.
   Int:       It affects your intelligence (-4).
   Dex:       It affects your dexterity (+6).
   rC:        It renders you almost immune to cold.
   rCorr:     It protects you from acid and corrosion.
Missiles
 t - 2 silver javelins
Armour
 a - a +0 robe (worn)
 f - a +0 pair of gloves (worn)
 n - a +2 cloak of poison resistance (worn)
 G - a +0 pair of boots of flying (worn)
 K - the +1 helmet of Naka (worn) {Rampage rElec Dex-4}
   (You found it on level 7 of the Dungeon)

   Dex:       It affects your dexterity (-4).
   rElec:     It insulates you from electricity.
   Rampage:   It bestows one free step when moving towards enemies.
Magical Staves
 l - a staff of cold
 F - a staff of air
Jewellery
 Q - an amulet of magic regeneration (around neck)
 R - a ring of willpower (left hand)
Wands
 v - a wand of flame (11)
 D - a wand of charming (4)
 L - a wand of digging (2)
 M - a wand of mindburst (15)
 O - a wand of light (8)
Scrolls
 i - 4 scrolls of noise
 k - 9 scrolls of teleportation
 p - 2 scrolls of amnesia
 u - 2 scrolls of acquirement
 y - 2 scrolls of summoning {unknown}
 z - a scroll of enchant armour {unknown}
 A - 2 scrolls of enchant weapon {unknown}
 C - a scroll of blinking
 H - a scroll of brand weapon
 I - 4 scrolls of fog {unknown}
Potions
 b - 6 potions of magic
 c - 2 potions of mutation
 d - 2 potions of haste
 g - 8 potions of curing
 h - 5 potions of heal wounds
 q - a potion of lignification
 r - 2 potions of ambrosia
 s - a potion of resistance
 x - 2 potions of cancellation
 B - 4 potions of flight
 J - a potion of attraction {unknown}
 N - a potion of brilliance {unknown}


   Skills:
 + Level 9.5 Fighting
 + Level 8.9 Dodging
 - Level 5.0 Stealth
 + Level 8.9 Spellcasting
 - Level 2.0 Hexes
 * Level 11.6 Necromancy
 * Level 3.1 Earth Magic


You had 4 spell levels left.
You knew the following spells:

 Your Spells              Type           Power      Damage    Failure   Level
a - Necrotise             Necr           100%       1d9       1%          1
b - Vampiric Draining     Necr           55%        2d9       1%          3
c - Animate Dead          Necr           55%        N/A       1%          4
d - Agony                 Necr           55%        N/A       1%          5
e - Sublimation of Blood  Necr           55%        N/A       1%          2
f - Anguish               Hex/Necr       19%        N/A       4%          4
g - Borgnjor's Vile Clut  Necr/Erth      20%        N/A       10%         5

Your spell library contained the following spells:

 Spells                   Type           Power      Damage    Failure   Level
 Sandblast                Erth           44%        2d11      1%          1
 Dispel Undead            Necr           55%        3d20      1%          4
 Passwall                 Tmut/Erth      12%        N/A       6%          2
 Foxfire                  Conj/Fire      36%        2x1d5     8%          1
 Tukima's Dance           Hex            17%        N/A       10%         3
 Wereblood                Tmut           9%         N/A       11%         2
 Stone Arrow              Conj/Erth      30%        3d8       12%         3
 Dazzling Flash           Conj/Hex       26%        N/A       14%         3
 Inner Flame              Hex/Fire       13%        N/A       14%         3
 Corpse Rot               Necr/Pois/Air  25%        N/A       14%         4
 Conjure Flame            Conj/Fire      9%         6-21      22%         3
 Flame Wave               Conj/Fire      9%         2d6       58%         4
 Passage of Golubria      Tloc           9%         N/A       58%         4
 Death Channel            Necr           27%        N/A       10%         6
 Simulacrum               Ice/Necr       16%        N/A       71%         6
 Silence                  Hex/Air        6%         N/A       80%         5
 Yara's Violent Unravell  Hex/Tmut       6%         3d5       80%         5
 Iskenderun's Battlesphe  Conj           9%         2d6       90%         5
 Iron Shot                Conj/Erth      7%         9d2       99%         6
 Spellforged Servitor     Conj/Summ      4%         N/A       100%        7
 Summon Hydra             Summ           4%         N/A       100%        7


Dungeon Overview and Level Annotations

Branches:
Dungeon (11/15)            Temple (1/1) D:7            Lair (0/5) D:9
    Orc (2/2) D:11            Elf (0/3) Orc:2         Sewer (visited)
 Bailey (visited)

Altars:
Ashenzari
Cheibriados
Dithmenos
Fedhas
Gozag
Kikubaaqudgha
Makhleb
Nemelex Xobeh
Okawaru
Qazlal
Ru
Sif Muna
Trog
Uskayaw
Vehumet
Wu Jian
Yredelemnul

Shops:
D:2 [   D:3 *   D:5 *   D:6 *[(!

Annotations:
D:3 1 runed translucent door, Crazy Yiuf
D:6 2 transporters, MisterFreud's ghost, novice FoGl
D:7 2 transporters, Seraphu's ghost, novice VSFi
D:11 1 transporter
Temple 2 transporters


Innate Abilities, Weirdness & Mutations

You are completely covered in yellow scales. (AC +4, rCorr)
You sometimes gain a little power by taking damage.
Spells you cast may paralyse nearby enemies.
Your touch may inflict minor irresistible damage on your foes.


Message History

Aim: an orc, wielding a +0 whip and wearing a +0 leather armour (ally target)
You draw life force from the orc!
You kill the orc!
Kikubaaqudgha accepts your kill.
You feel life coursing into your body. Malevolent energies surge around you.
The hellwing suddenly stops moving!
You feel sick.
The orc high priest hits your orc wizard zombie with a +0 hand axe!
The orc high priest hits your orc warrior zombie with a +0 hand axe.
Your orc wizard zombie closely misses the orc high priest.
Your orc warrior zombie hits the orc high priest.
You feel sick. The sixfirhy hits you! The sixfirhy shocks you. You resist.
* * * LOW HITPOINT WARNING * * *
The sixfirhy barely misses you.
The orc high priest hits you but does no damage.
The orc high priest hits your orc warrior zombie with a +0 hand axe.
The orc high priest barely misses your orc wizard zombie.
The sixfirhy hits you.
* * * LOW HITPOINT WARNING * * *
The sixfirhy shocks you. You resist.
* * * LOW HITPOINT WARNING * * *
Your orc knight zombie hits the hellwing but does no damage.
Your orc wizard zombie hits the orc high priest but does no damage.
Casting: Vampiric Draining (safe; 1% risk of failure)
Confirm with . or Enter, or press ? or * to list all spells.
Aiming: Vampiric Draining (safe; 1% risk of failure)
Press: ? - help, Shift-Dir - straight line, f - orc high priest
Aim: an orc high priest, wielding a +0 hand axe and wearing a +0 chain mail (heavily wounded, not watching you, ally target)
You draw life force from the orc high priest!
You feel life coursing into your body. Malevolent energies surge around you.
You feel sick.
You are no longer poisoned.
The sixfirhy hits you.
* * * LOW HITPOINT WARNING * * *
The sixfirhy shocks you. You resist.
* * * LOW HITPOINT WARNING * * *
The sixfirhy misses you. The sixfirhy hits you!
* * * LOW HITPOINT WARNING * * *
The sixfirhy shocks you. You resist.
You die...
Kikubaaqudgha rasps: "You have failed me!
Welcome... death!"

...).).......,,,,,,,,,,,,,,,,*
........................,,,,,*
............>...........,,,,,*
........................,,,,**
........................,,,,,*
........................,,,,,*
........................,,,,,*
..............4o3.......,,,,,*
.............ZZZ@.......,,,,**
.............)..).......,,,,,*
........................,,,,,*
........................,,,,,*
#..#.#..##........#.....*,*,**
########################*****


You could see an orc high priest (ally target), a hellwing (summoned, paralysed,
ally target), a sixfirhy (summoned), a friendly orc warrior zombie, a friendly
orc wizard zombie and a friendly orc knight zombie.

Vanquished Creatures
  2 boulder beetles
  A hydra (D:6)
  A manticore (D:7)
  A kobold demonologist (D:10)
  2 trolls
  2 wraiths (D:9)
  Sigmund (D:4)
  A wyvern (D:9)
  A basilisk (D:9)
  13 yaks
  2 water moccasins (D:7)
  An acid dragon (D:7)
  A warg (Orc:2)
  12 orc warriors
  Pargi (Sewer)
  2 sky beasts
  4 black bears
  6 ogres
  4 centaurs
  8 kobold brigands
  3 bullfrogs
  2 necrophages
  A gnoll sergeant (D:7)
  2 scorpions
  4 wights
  4 killer bees (D:9)
  3 hounds
  A jelly (D:6)
  8 orc priests
  Terence (D:2)
  11 orc wizards
  Natasha (twice) (D:2)
  3 iguanas
  A hound skeleton (D:6)
  4 gnolls (D:7)
  18 adders
  A shadow imp (D:5)
  A white imp (D:7)
  2 worms (D:3)
  67 orcs
  3 endoplasms
  2 giant cockroaches (D:4)
  9 goblins
  5 hobgoblins
  6 jackals
  2 quokkas
  9 ball pythons
  5 bats
  6 frilled lizards
  17 kobolds
  3 rats
272 creatures vanquished.

Vanquished Creatures (collateral kills)
  A troll (Orc:2)
  A slime creature (D:7)
  A shadow (D:7)
  A wraith (D:7)
  A yak (D:9)
  A gnoll sergeant (D:7)
  A scorpion (D:7)
  3 wights (D:8)
  A killer bee (D:9)
  2 orc priests (Orc:2)
  2 orc wizards
  An adder (Sewer)
  A dart slug (D:4)
  5 orcs
  2 ball pythons
  An endoplasm (D:4)
  A goblin (D:1)
  3 jackals
29 creatures vanquished.

Vanquished Creatures (others)
  5 two-headed ogres
  An orc knight (Orc:2)
  A troll (Orc:1)
  5 yaks
  4 orc warriors
  A centaur (D:11)
  2 kobold brigands
  A water moccasin zombie (D:7)
  A troll zombie (D:7)
  3 yak zombies (D:9)
  2 bullfrog zombies
  13 kobold zombies
  2 centaur zombies
  An orc wizard (D:10)
  4 killer bee zombies (D:9)
  An ogre zombie (D:7)
  A sky beast zombie (D:6)
  A hound zombie (D:7)
  4 gnoll zombies (D:7)
  An iguana zombie (D:6)
  2 adder zombies
  2 orcs
  A ball python zombie (D:4)
  An endoplasm zombie (D:4)
  A frilled lizard zombie (Sewer)
  A goblin zombie (D:4)
  30 orc zombies
  A quokka zombie (D:3)
  2 fungi (D:9)
  9 plants (D:4)
104 creatures vanquished.

Grand Total: 405 creatures vanquished

Notes
Turn   | Place    | Note
-------+----------+-------------------------------------------
     0 | D:1      | Ashen the Demonspawn Necromancer began the quest for the
                  | Orb.
     0 | D:1      | Reached XP level 1. HP: 13/13 MP: 3/3
   200 | D:1      | Gained mutation: You sometimes gain a little power by
                  | taking damage. [demonic ancestry]
   200 | D:1      | Reached XP level 2. HP: 6/20 MP: 3/5
   715 | D:1      | Found a faded altar of an unknown god.
  1141 | D:2      | Found Qadeclu's Armour Boutique.
  1208 | D:2      | Noticed Terence
  1743 | D:2      | Killed Terence
  1744 | D:2      | Reached skill level 1 in Fighting
  1744 | D:2      | Gained mutation: Your touch may inflict minor irresistible
                  | damage on your foes. [demonic ancestry]
  1744 | D:2      | Reached XP level 3. HP: 23/26 MP: 1/6
  1888 | D:2      | Noticed Natasha
  1895 | D:2      | Killed Natasha
  1896 | D:2      | Reached XP level 4. HP: 28/32 MP: 1/7
  2166 | D:2      | Noticed Natasha
  2170 | D:2      | Killed Natasha
  2388 | D:2      | Reached skill level 5 in Necromancy
  2517 | D:2      | Learned a level 3 spell: Vampiric Draining
  2522 | D:2      | Learned a level 4 spell: Animate Dead
  2535 | D:3      | Gained mutation: You are partially covered in yellow
                  | scales. (AC +2) [demonic ancestry]
  2535 | D:3      | Reached XP level 5. HP: 35/38 MP: 2/9
  2555 | D:3      | Found an opulent altar of Gozag.
  2837 | D:3      | Found Neungufesm's Assorted Antiques.
  2870 | D:3      | Bought a fuming black potion for 27 gold pieces
  2870 | D:3      | Bought a smoky dark potion for 27 gold pieces
  3520 | D:3      | Found a runed translucent door.
  3521 | D:3      | Noticed Crazy Yiuf
  3749 | D:4      | Noticed an ogre
  3770 | D:4      | Reached XP level 6. HP: 26/46 MP: 1/10
  4073 | D:4      | Found a glowing drain.
  4082 | Sewer    | Entered a sewer
  4130 | Sewer    | Noticed Pargi
  4157 | Sewer    | Killed Pargi
  4158 | Sewer    | Gained mutation: Spells you cast may paralyse adjacent
                  | enemies. [demonic ancestry]
  4158 | Sewer    | Reached XP level 7. HP: 49/52 MP: 9/12
  4519 | D:4      | Noticed Sigmund
  4531 | D:4      | Killed Sigmund
  5022 | D:4      | Identified the +6 morningstar of the Depths {protect,
                  | Str+4}
  5030 | D:5      | Entered Level 5 of the Dungeon
  5043 | D:5      | Found Vyew's Mass Market.
  5064 | D:5      | Reached skill level 6 in Necromancy
  5571 | D:5      | Gained mutation: Spells you cast may paralyse nearby
                  | enemies. [demonic ancestry]
  5571 | D:5      | Reached XP level 8. HP: 60/60 MP: 14/14
  6074 | D:6      | Found Beghof's General Store.
  6090 | D:6      | Bought a potion of curing for 33 gold pieces
  6090 | D:6      | Bought a scroll of identify for 22 gold pieces
  6138 | D:6      | Noticed a hornet
  6143 | D:6      | Noticed MisterFreud's ghost (novice FoGl)
  6153 | D:6      | Found Ciozuttih's Antique Armour Shop.
  6208 | D:6      | Found an iron altar of Okawaru.
  6243 | D:6      | Reached skill level 5 in Stealth
  6549 | D:6      | Found a hide-covered altar of Uskayaw.
  6550 | D:6      | Found a transporter.
  6554 | D:6      | Found Fiusucik's Distillery.
  6554 | D:6      | Found a transporter.
  6556 | D:6      | Noticed a five-headed hydra
  6572 | D:6      | Killed a five-headed hydra
  6573 | D:6      | Reached skill level 5 in Fighting
  6573 | D:6      | Reached skill level 5 in Dodging
  6573 | D:6      | Reached skill level 5 in Spellcasting
  6573 | D:6      | Reached skill level 7 in Necromancy
  6573 | D:6      | Gained mutation: You are mostly covered in yellow scales.
                  | (AC +3) [demonic ancestry]
  6573 | D:6      | Reached XP level 9. HP: 18/68 MP: 2/16
  6608 | D:6      | Bought a potion of might for 44 gold pieces
  6608 | D:6      | Bought a potion of lignification for 33 gold pieces
  6608 | D:6      | Bought a potion of heal wounds for 55 gold pieces
  6826 | D:6      | Noticed a boulder beetle
  6834 | D:6      | Learned a level 5 spell: Agony
  6854 | D:6      | Found a burning altar of Makhleb.
  7035 | D:6      | Found Engoleh's Weapon Emporium.
  7318 | D:7      | Found a staircase to the Ecumenical Temple.
  7340 | Temple   | Entered the Ecumenical Temple
  7340 | Temple   | Found a transporter.
  7340 | Temple   | Found a transporter.
  7346 | Temple   | Found a transporter.
  7346 | Temple   | Found a transporter.
  7469 | Temple   | Became a worshipper of Kikubaaqudgha
  7873 | D:7      | Noticed a boulder beetle
  8008 | D:7      | Reached skill level 8 in Necromancy
  8200 | D:7      | Identified the +1 helmet of Naka {Rampage rElec Dex-4}
  8387 | D:7      | Killed a boulder beetle
  8388 | D:7      | Reached XP level 10. HP: 65/77 MP: 15/19
  8463 | D:7      | Noticed a manticore
  8466 | D:7      | Reached * piety under Kikubaaqudgha
  8466 | D:7      | Received a gift from Kikubaaqudgha
  8482 | D:7      | Killed a manticore
  8483 | D:7      | Reached skill level 9 in Necromancy
  8630 | D:7      | Found a transporter.
  8630 | D:7      | Noticed a moth of wrath
  8631 | D:7      | Noticed Seraphu's ghost (novice VSFi)
  8644 | D:7      | Found a transporter.
  8675 | D:7      | Noticed a deep elf pyromancer
  8749 | D:7      | Learned a level 2 spell: Sublimation of Blood
  8754 | D:7      | Learned a level 4 spell: Anguish
  8888 | D:7      | Noticed a deep elf pyromancer
  9135 | D:7      | Noticed a wizard
  9139 | D:7      | Noticed a two-headed ogre
  9227 | D:6      | Killed a boulder beetle
  9228 | D:6      | Reached skill level 1 in Hexes
  9499 | D:2      | Bought a +0 pair of boots of flying for 161 gold pieces
  9608 | D:6      | Bought a potion of magic for 88 gold pieces
 10533 | D:9      | Reached ** piety under Kikubaaqudgha
 10772 | D:9      | Noticed a two-headed ogre
 10777 | D:9      | Reached skill level 10 in Necromancy
 10777 | D:9      | Gained mutation: You are completely covered in yellow
                  | scales. (AC +4, rCorr) [demonic ancestry]
 10777 | D:9      | Reached XP level 11. HP: 44/86 MP: 10/22
 11372 | D:9      | Found a staircase to the Lair.
 11388 | D:9      | Killed a two-headed ogre
 11702 | D:10     | Entered Level 10 of the Dungeon
 11708 | D:10     | Noticed a two-headed ogre
 11720 | D:10     | Killed a two-headed ogre
 11916 | D:10     | Noticed a two-headed ogre
 11926 | D:10     | Killed a two-headed ogre
 12126 | D:10     | Found a flagged portal.
 12139 | Bailey   | Entered a bailey
 12180 | Bailey   | Reached *** piety under Kikubaaqudgha
 12180 | Bailey   | Received a gift from Kikubaaqudgha
 12208 | Bailey   | Learned a level 5 spell: Borgnjor's Vile Clutch
 12544 | Bailey   | Found an iron altar of Okawaru.
 12928 | D:10     | Noticed a two-headed ogre
 12994 | D:10     | Killed a two-headed ogre
 12995 | D:10     | Reached skill level 11 in Necromancy
 12995 | D:10     | Reached skill level 1 in Earth Magic
 13386 | D:11     | Identified the +1 broad axe "Pieshekkyff" {flame, rC+++
                  | rCorr Int-4 Dex+6}
 13390 | D:11     | Noticed a two-headed ogre
 13399 | D:11     | Found a transporter.
 13399 | D:11     | Found a staircase to the Orcish Mines.
 13412 | D:11     | Noticed a two-headed ogre
 13576 | Orc:1    | Entered Level 1 of the Orcish Mines
 14287 | Orc:2    | Entered Level 2 of the Orcish Mines
 14317 | Orc:2    | Noticed a two-headed ogre
 14325 | Orc:2    | Killed a two-headed ogre
 14391 | Orc:2    | Reached XP level 12. HP: 79/96 MP: 22/24
 14402 | Orc:2    | Found a flickering gateway to a bazaar.
 14427 | Bazaar   | Entered a bazaar
 14487 | Bazaar   | Found Hayl's Weapon Shoppe.
 14497 | Bazaar   | Found Xutiexedgh's Magic Scroll Shoppe.
 14504 | Bazaar   | Found Puklufyi's Jewellery Shoppe.
 14510 | Bazaar   | Found Javod's Armour Boutique.
 14558 | Bazaar   | Bought the +1 war axe of the Girdle {vorpal, +Blink rElec
                  | Will+} for 294 gold pieces
 14576 | Bazaar   | Bought an amulet of magic regeneration for 330 gold pieces
 14587 | Bazaar   | Bought a scroll of acquirement for 936 gold pieces
 14587 | Bazaar   | Bought a scroll of teleportation for 54 gold pieces
 14608 | Bazaar   | Bought a ring of willpower for 275 gold pieces
 14870 | Orc:2    | Reached **** piety under Kikubaaqudgha
 14951 | Orc:2    | Found a staircase to the Elven Halls.
 15154 | Orc:2    | Noticed an orc high priest
 15166 | Orc:2    | HP: 3/96 [sixfirhy[an orc high priest] (8)]
 15166 | Orc:2    | Slain by a sixfirhy

Illustrated notes

Levels and vault maps discovered:
D:1:      dpeg_arrival_rooms_c, layout_basic,
          hellmonk_ecumenical_altar_heavens_door
D:2:      layout_basic, serial_shops, shop, uniq_natasha, uniq_terence
D:3:      layout_basic, grunt_gozag_statues, serial_shops, nicolae_square_shop,
          kennysheep_cluttered_room, grunt_decor_fettered, kennysheep_path_1,
          minivault_5, uniq_crazy_yiuf_cottage
D:4:      layout_basic, gup_sewer_entry_glass, guppyfry_early_lair_pool,
          uniq_sigmund
D:5:      layout_gridville, minmay_shop_mass
D:6:      layout_cave_pods, okawaru_ov_weapons_minmay,
          makhleb_blood_cavern_becter, serial_shops, nicolae_shop_trees, shop,
          nicolae_stop_n_shop_1, shop, gammafunk_ghost_arena,
          hangedman_feature_mirror
D:7:      minmay_the_grid_plus [minmay_the_grid_x, minmay_the_grid_dragon_b,
          minmay_the_grid_tri_star, minmay_the_grid_minigrid_large,
          minmay_the_grid_prize_inner_circle], layout_cave_pools,
          worldfamousw_hep_ancestral_shrine, minmay_temple_entry_proselytizer,
          gammafunk_ghost_berserking_beasts, kennysheep_generic_room_7
D:8:      layout_basic, amcnicky_mini_rare_corridor_liquid,
          eino_small_chamber_without_monster
D:9:      layout_roguey [special_room_orc], david_lair_generic
D:10:     layout_basic, mainiacjoe_overflow_alcove_1, enter_bailey_4,
          chequers_garden, solitary_fountain
D:11:     layout_long_grid, minmay_orc_entry_temple_small, enter_trove_2,
          gammafunk_ghost_smash, onia_ninara_cookie, uniq_lodul
Temple:   hellmonk_temple_divided_pantheon
Orc:1:    layout_diamond_mine, lemuel_statue_altar
Orc:2:    st_orc_congregation, layout_diamond_mine, serial_shops,
          bzr_in_the_mist, nicolae_orc_tapped_out

Skill      XL: |  1  2  3  4  5  6  7  8  9 10 11 12 |
---------------+-------------------------------------+-----
Stealth        | 2 3 4 5 |  5.0
Dodging        | 2 3 4 5 6 7 8 |  8.9
Fighting       | 1 2 3 5 6 8 9 |  9.5
Necromancy     | 5 6 7 8 10 11 | 11.6
Spellcasting   | 3 4 5 6 7 8 |  8.9
Hexes          | 2 |  2.0
Earth Magic    | 2 3 |  3.1

Action                   |  1- 3 |  4- 6 |  7- 9 | 10-12 || total
-------------------------+-------+-------+-------+-------++-------
Melee: Whip              |     5 |       |       |       ||     5
       Dagger            |     8 |    12 |       |       ||    20
       Touch             |       |    14 |    34 |    87 ||   135
       Spear             |       |    98 |   244 |   401 ||   743
       Punch             |       |       |     5 |    10 ||    15
       War axe           |       |       |       |    14 ||    14
 Cast: Necrotise         |    55 |    48 |    29 |    14 ||   146
       Animate Dead      |       |     3 |     7 |    13 ||    23
       Vampiric Draining |       |     1 |    21 |    41 ||    63
       Anguish           |       |       |       |    53 ||    53
       Agony             |       |       |       |     5 ||     5
       Borgnjor's Vile C |       |       |       |    13 ||    13
       Sublimation of Bl |       |       |       |     1 ||     1
Invok: Unearth Wretches  |       |       |       |     1 ||     1
Evoke: Wand              |       |     1 |     2 |     1 ||     4
  Use: Scroll            |       |     9 |     4 |     8 ||    21
       Potion            |       |     3 |     2 |     3 ||     8
 Stab: Sleeping          |     1 |     1 |    12 |     4 ||    18
       Distracted        |       |     1 |     1 |     1 ||     3
       Paralysed         |       |       |    26 |   100 ||   126
Armor: Robe              |     7 |    54 |    56 |   145 ||   262
       Skin              |       |       |     6 |       ||     6
Dodge: Dodged            |    23 |    88 |   153 |   314 ||   578
